 Dungeon Crawl Stone Soup version 0.30-a0-54-g2e61a25929 (webtiles) character file.

Game seed: 11456003185677726999

6 MrFrogsmire the Trooper (level 2, 25/26 HPs)
             Began as a Meteoran Wanderer on Sept 7, 2022.
             Quit the game on level 2 of the Dungeon.
             The game lasted 00:01:26 (258 turns).

MrFrogsmire the Trooper (Meteoran Wanderer)          Turns: 258, Time: 00:01:27

Health: 25/26      AC:  3    Str: 11    XL:     2   Next: 11%
Magic:  5/5        EV: 12    Int: 13    God:
Gold:   0          SH:  0    Dex: 15    Spells: 2/3 levels left

rFire   . . .      SeeInvis .    a - +2 falchion
rCold   . . .      Faith    .    (no shield)
rNeg    . . .      Spirit   .    d - +0 robe
rPois   .          Reflect  .    (no helmet)
rElec   .          Harm     .    (no cloak)
rCorr   .          Rampage  .    (no gloves)
Will    .....                    b - +0 pair of boots
Stlth   +.........               (no amulet)
HPRegen 0.08/turn                (no ring)
MPRegen 0.09/turn                (no ring)

@: glowing
A: sense surroundings 1, otherworldly, glowing, explore regen
a: no special abilities


You were on level 2 of the Dungeon.
You visited 1 branch of the dungeon, and saw 2 of its levels.

Inventory:

Hand Weapons
 a - a +2 falchion (weapon)
Armour
 b - a +0 pair of boots (worn)
 d - a +0 robe (worn)
Magical Staves
 e - a staff of death
Potions
 c - a potion of haste


   Skills:
 + Level 3.5 Fighting
 + Level 2.6 Long Blades
 + Level 2.5 Dodging
 + Level 1.4 Spellcasting
 + Level 2.2 Ice Magic


You had 2 spell levels left.
You knew the following spells:

 Your Spells              Type           Power      Damage    Failure   Level
a - Freeze                Ice            24%        1d5       11%         1

Your spell library contained the following spells:

 Spells                   Type           Power      Damage    Failure   Level
 Ozocubu's Armour         Ice            6%         N/A       32%         3


Dungeon Overview and Level Annotations

Branches:
Dungeon (2/15) Zot: 941

Altars:


Innate Abilities, Weirdness & Mutations

You passively map a small area around you.
You are easily found by Zot.
You glow in the dark.
You regain HP and MP as you explore.


Message History

The ball python constricts you.
You escape the ball python's grasp.
The endoplasm quivers.
The dart slug launches a dart at you. The slug dart hits you.
The ball python bites you. The ball python barely misses you.
The dart slug launches a dart at you. The slug dart misses you.
The ball python closely misses you. The ball python grabs you.
The ball python constricts you.
You escape the ball python's grasp.
The ball python attacks as you move away!
The ball python misses you. x2
The ball python bites you. The ball python barely misses you.
The dart slug launches a dart at you. The slug dart hits you.
* * * LOW HITPOINT WARNING * * *
The ball python bites you.
* * * LOW HITPOINT WARNING * * *
The ball python closely misses you.
Unknown command.
You slash the ball python!
You kill the ball python!
The endoplasm hits you but does no damage.
The endoplasm closely misses you.
You see here a ball python corpse.
You hit the endoplasm.
You kill the endoplasm!
The dart slug bites you but does no damage.
You slash the dart slug! You punch the dart slug.
You kill the dart slug!
You have reached level 2!
You see here a ball python corpse.
You see here a ball python corpse.
You see here a ball python corpse.
There is a stone staircase leading down here.
You climb downwards.
Found a sling.
There is a stone staircase leading up here.
You see here a +0 sling.
Are you sure you want to abandon this character and quit the game? (Confirm with "yes".)

,* , * *
####,* , ..#,
, #.# # ,, ,
##)#.# ** , ,
,#<.#.# *
**##....# *
#..@#.# * **
,
#......#...,,
* * #..##.##
###* #...
#.., , ...
### * .#* * ,
* ** , * ,


There were no monsters in sight!

Vanquished Creatures
  A dart slug (D:1)
  An endoplasm (D:1)
  A hobgoblin (D:1)
  A ball python (D:1)
4 creatures vanquished.

Notes
Turn   | Place    | Note
-------+----------+-------------------------------------------
     0 | D:1      | MrFrogsmire the Meteoran Wanderer began the quest for the
                  | Orb.
     0 | D:1      | MrFrogsmire set off with the following items: a +2
                  | falchion, a +0 pair of boots, a potion of haste, a +0 robe;
                  | and the following spell memorised: Freeze; and the
                  | following spells available to memorise: Ozocubu's Armour.
     0 | D:1      | Reached XP level 1. HP: 19/19 MP: 3/3
    63 | D:1      | Reached XP level 2. HP: 2/26 MP: 5/5
   258 | D:2      | Quit the game

Illustrated notes

Levels and vault maps discovered:
D:1:      dpeg_arrival_houses_and_road, layout_loops_ring,
          ebering_ecumenical_altar_mist
D:2:      layout_basic, kennysheep_path_1

Action                   || total
-------------------------++-------
Melee: Falchion          ||     5
       Punch             ||     1
 Cast: Freeze            ||     1
Armor: Robe              ||     4
Dodge: Dodged            ||    10

Table legend: (Time is in decaauts)
 A = Elapsed time spent in this place.
 B = Non-inter-level travel time spent in this place.
 C = Inter-level travel time spent in this place.
 D = Time resting spent in this place.
 E = Time spent auto-exploring this place.
 F = Levels seen in this place.
 G = Mean time per level.
                   A        B        C        D        E       F      G
               +--------+--------+--------+--------+--------+-----+--------+
         Total |    258 |    249 |      9 |      0 |      0 |   2 |  129.0 |
       Dungeon |    258 |    249 |      9 |      0 |      0 |   2 |  129.0 |
               +--------+--------+--------+--------+--------+-----+--------+

Top non-repeatable levels by time:
     D:1: 254 daAuts
     D:2: 4 daAuts
